 Dungeon Crawl Stone Soup version 0.19.1-1-g22dce08 (webtiles) character file.

31 ponk the Magician (level 3, 0/24 HPs)
             Began as a Demonspawn Wizard on Jan 19, 2017.
             Killed themself with a badly aimed iceblast (17 damage)
             ... on level 2 of the Dungeon.
             The game lasted 00:05:22 (971 turns).

ponk the Magician (Demonspawn Wizard)                Turns: 971, Time: 00:05:23

Health: 0/24       AC:  2    Str:  7    XL:     3   Next: 7%
Magic:  4/7        EV: 12    Int: 20    God:
Gold:   56         SH:  0    Dex: 11    Spells: 2 memorised, 5 levels left

rFire  . . .     SeeInvis .     m - +0 quarterstaff
rCold  . . .     Gourm    .     a - +0 robe
rNeg   . . .     Faith    .     (shield currently unavailable)
rPois  .         Spirit   .     b - +0 hat
rElec  .         Reflect  .     (no cloak)
rCorr  .         Harm     .     (no gloves)
MR     +....                    (no boots)
Stlth  ++........               (no amulet)
                                (no ring)
                                j - ring of protection from magic

@: no status effects
A: sturdy frame 1
a: no special abilities


You were on level 2 of the Dungeon.
You were not hungry.

You visited 1 branch of the dungeon, and saw 2 of its levels.

You collected 56 gold pieces.

Inventory:

Hand Weapons
 m - a +0 quarterstaff (weapon)
Armour
 a - a +0 robe (worn)
 b - a +0 hat (worn)
Jewellery
 j - a ring of protection from magic (left hand)
Wands
 n - a wand of iceblast (4/15)
Scrolls
 h - a scroll of identify {unknown}
 i - a scroll of fog {unknown}
 l - a scroll of noise {unknown}
Potions
 k - a potion of heal wounds
Books
 c - a book of Minor Magic

   Spells                             Type                      Level
   a - Magic Dart                     Conjuration                  1
   b - Blink                          Translocation                2
   c - Call Imp                       Summoning                    2
   d - Repel Missiles                 Charms/Air                   2
   e - Slow                           Hexes                        2
   f - Conjure Flame                  Conjuration/Fire             3
   g - Mephitic Cloud                 Conjuration/Poison/Air       3
Comestibles
 d - 4 bread rations
 f - 5 chunks of flesh
 g - a royal jelly


   Skills:
 - Level 1.9 Dodging
 - Level 1.9 Stealth
 - Level 3.1 Spellcasting
 + Level 2.5 Conjurations
 - Level 1.0 Summonings
   Level 0.8 Translocations


You had 5 spell levels left.
You knew the following spells:

 Your Spells              Type           Power        Failure   Level  Hunger
a - Magic Dart            Conj           ##..         6%          1    None
b - Call Imp              Summ           #.......     17%         2    ##.....


Dungeon Overview and Level Annotations

Branches:
Dungeon (2/15)

Altars:

Annotations:
D:2 Robin


Innate Abilities, Weirdness & Mutations

Your movements are slightly less encumbered by armour. (ER -2)


Message History

The hobgoblin shouts!
* * * LOW HITPOINT WARNING * * *
You feel sick. The adder barely misses you. The hobgoblin barely misses you.
A bat comes into view.
* * * LOW HITPOINT WARNING * * *
You feel sick.
You are no longer poisoned.
It was a potion of heal wounds.
You feel much better. The hobgoblin hits you.
Okay, then.
Zapping:
n - a wand of iceblast {zapped: 6} (will waste charges)
Press: ? - help, Shift-Dir - straight line, f - adder
Aim: an adder (moderately wounded) That beam is likely to hit you.
Continue anyway?
The mass of ice explodes!
The iceblast engulfs the hobgoblin.
You kill the hobgoblin!
The iceblast engulfs you!
Ouch! That really hurt!
You die...

##....)........#####.
.+...................
##................... ####
##.............###### .....
#....÷.........+ ..b.
#..............# ....
..######.......# ..# #
########.#####.#######..#.##
................@†SS........
##### ##g#####.#####......#
..# #....g.#.# #.###..#
..#####......#.# #S# #
..'))).........# #.#
..###.....(....#####.# ..+
#................# ..#
###..............# ..#
#......).......#


You could see an adder and a ball python.

Vanquished Creatures
  A leopard gecko (D:2)
  3 ball pythons
  3 bats (D:1)
  A giant cockroach (D:1)
  6 goblins
  4 hobgoblins
  A jackal (D:2)
  A quokka (D:2)
  A kobold (D:1)
  2 rats (D:1)
23 creatures vanquished.

Vanquished Creatures (collateral kills)
  3 goblins (D:2)
3 creatures vanquished.

Vanquished Creatures (others)
  A fungus (D:2)
1 creature vanquished.

Grand Total: 27 creatures vanquished

Notes
Turn   | Place    | Note
-------+----------+-------------------------------------------
     0 | D:1      | ponk the Demonspawn Wizard began the quest for the Orb.
     0 | D:1      | Reached XP level 1. HP: 13/13 MP: 4/4
   349 | D:1      | Gained mutation: Your movements are slightly less encumbered by armour. (ER -2) [demonic ancestry]
   349 | D:1      | Reached XP level 2. HP: 19/19 MP: 1/6
   844 | D:2      | Learned a level 2 spell: Call Imp
   911 | D:2      | Noticed Robin
   928 | D:2      | Reached XP level 3. HP: 9/24 MP: 1/7
   931 | D:2      | HP: 1/24 [goblin/stone[Robin] (2)]
   950 | D:2      | HP: 1/24 [adder (3)]
   963 | D:2      | HP: 1/24 [poisoned by an adder]
   971 | D:2      | Killed themself with a badly aimed iceblast

Skill      XL: |  1  2 |
---------------+-------+-----
Conjurations   | 2 |  2.5
Dodging        | |  1.9
Stealth        | |  1.9
Spellcasting   | |  3.1
Summonings     | |  1.0
Translocations | |  0.8

Action                   || total
-------------------------++-------
Melee: Unarmed           ||    17
       Quarterstaff      ||     9
 Cast: Magic Dart        ||    35
       Call Imp          ||     3
Evoke: Wand              ||     2
  Use: Potion            ||     3
Armor: Robe              ||     8
Dodge: Dodged            ||    32
